 Dungeon Crawl Stone Soup version 0.30-a0-652-gcc886f7154 (webtiles) character file.

Game seed: 12334342602510195689

244354 Leeroy the Tengu Blade (level 20, -7/124 HPs)
             Began as a Tengu Warper on Jan 17, 2023.
             Was the Champion of Uskayaw.
             Shot with a bolt by a deep elf archer (8 damage)
             ... on level 3 of the Elven Halls.
             The game lasted 01:38:41 (44395 turns).

Leeroy the Tengu Blade (Tengu Warper)              Turns: 44395, Time: 01:38:41

Health: -7/124     AC: 13    Str: 13    XL:     20   Next: 26%
Magic:  34/34      EV: 38    Int: 14    God:    Uskayaw [******]
Gold:   2148       SH:  0    Dex: 30    Spells: 2/45 levels left

rFire   . . .      SeeInvis .    a - +2 triple sword (holy)
rCold   . . .      Faith    .    (shield currently unavailable)
rNeg    + . .      Spirit   .    L - +1 leather armour "Uwaaschy" {rPois Int+2 Dex+8}
rPois   +          Reflect  .    (helmet restricted)
rElec   .          Harm     .    G - +2 ratskin cloak {*Rats rPois rN+ Str-1 Int-1 Dex+1}
rCorr   +          Rampage  .    M - +1 pair of gloves of the Fiddle {Drain +Blink rCorr Stlth+}
Will    +....                    (boots unavailable)
Stlth   +++                      O - amulet of magic regeneration
HPRegen 0.40/turn                A - +4 ring of slaying
MPRegen 0.64/turn                P - +4 ring of protection

@: flying quickly and evasively, studying 2 skills, quick
A: beak, talons 3, nimble flight, low MP 1
a: Renounce Religion, Evoke Blink, Stomp, Line Pass, Grand Finale


You were on level 3 of the Elven Halls.
You worshipped Uskayaw.
Uskayaw was noncommittal.
You visited 7 branches of the dungeon, and saw 31 of its levels.
You visited the Abyss 2 times.
You also visited: Bailey, Ice Cave and Volcano.

You collected 3830 gold pieces.
You spent 1682 gold pieces at shops.

Inventory:

Hand Weapons
 a - a +2 triple sword of holy wrath (weapon)
 r - a +4 scimitar of flaming
 x - the +4 short sword of Duty {freeze, *Noise Will+ Dex+3 SInv}
   (You took it off a meliai on level 14 of the Dungeon)

   Dex:       It affects your dexterity (+3).
   SInv:      It lets you see invisible.
   *Noise:    It may make noises in combat.
   Will:      It increases your willpower.
 y - the +2 falchion "Inuin" {freeze, rC+}
   (You found it on level 6 of the Dungeon)

   rC:        It protects you from cold.
 U - a +2 rapier of venom
 V - a +0 double sword
Missiles
 d - 8 boomerangs of dispersal
 D - 2 throwing nets
 H - 14 poisoned darts
 T - a curare-tipped dart
Armour
 b - the +1 leather armour of the Growing Gods {Int+9}
   (You found it on level 3 of the Lair of Beasts)

   Int:       It affects your intelligence (+9).
 p - a +2 leather armour of resistance
 G - the +2 ratskin cloak (worn) {*Rats rPois rN+ Str-1 Int-1 Dex+1}
   (You found it on level 4 of the Dungeon)

   *Rats:     When the wearer is hurt, rats may emerge from it to assist them.
   Str:       It affects your strength (-1).
   Int:       It affects your intelligence (-1).
   Dex:       It affects your dexterity (+1).
   rPois:     It protects you from poison.
   rN:        It protects you from negative energy.
 L - the +1 leather armour "Uwaaschy" (worn) {rPois Int+2 Dex+8}
   (You found it on level 10 of the Dungeon)

   Int:       It affects your intelligence (+2).
   Dex:       It affects your dexterity (+8).
   rPois:     It protects you from poison.
 M - the +1 pair of gloves of the Fiddle (worn) {Drain +Blink rCorr Stlth+}
   (You bought it in a shop on level 1 of the Orcish Mines)

   +Blink:    It lets you blink.
   rCorr:     It protects you from acid and corrosion.
   Drain:     It drains your maximum health when unequipped.
   Stlth:     It makes you more stealthy.
Jewellery
 e - an amulet of the acrobat
 s - a ring of protection from cold
 A - a +4 ring of slaying (left hand)
 C - a ring of ice
 O - an amulet of magic regeneration (around neck)
 P - a +4 ring of protection (right hand)
 R - an amulet of reflection
Wands
 n - a wand of mindburst (11)
 t - a wand of polymorph (19)
 F - a wand of quicksilver (17)
 J - a wand of flame (36) (quivered)
 K - a wand of paralysis (10)
 Z - a wand of digging (10)
Scrolls
 c - a scroll of blinking
 f - a scroll of magic mapping
 g - 5 scrolls of fog
 l - a scroll of torment
 m - a scroll of brand weapon
 I - 6 scrolls of fear
 Q - 9 scrolls of teleportation
 Y - 2 scrolls of poison
Potions
 i - 2 potions of berserk rage
 j - 10 potions of lignification
 k - 6 potions of magic
 o - 21 potions of curing
 q - 2 potions of ambrosia
 u - 8 potions of invisibility
 v - a potion of haste
 z - 4 potions of mutation
 B - 11 potions of might
 E - 3 potions of resistance
 N - 2 potions of cancellation
 S - 6 potions of attraction
 W - 2 potions of brilliance
Miscellaneous
 w - a box of beasts
 X - a phial of floods


   Skills:
 - Level 13.0 Fighting
 - Level 23.2 Long Blades
 - Level 1.0 Throwing
 - Level 1.1 Armour
 + Level 18.6 Dodging
 - Level 13.1 Spellcasting
 - Level 9.3 Conjurations
 - Level 9.0 Translocations
 - Level 7.0 Ice Magic
 - Level 9.2 Air Magic
 - Level 0.6 Evocations


You had 2 spell levels left.
You knew the following spells:

 Your Spells              Type           Power      Damage    Failure   Level
a - Blink                 Tloc           68%        N/A       1%          2
b - Vhi's Electric Charg  Tloc/Air       68%        N/A       1%          3
c - Kindle Blastsparks    Fire/Tloc/Air  52%        2d14      2%          3
d - Manifold Assault      Tloc           34%        N/A       2%          4
e - Freezing Cloud        Conj/Ice/Air   16%        6-21      9%          5
f - Lightning Bolt        Conj/Air       17%        1d32      6%          5
g - Mephitic Cloud        Conj/Pois/Air  26%        N/A       2%          3
h - Arcjolt               Conj/Air       17%        1d27      6%          5
i - Fulminant Prism       Conj/Hex       11%        3d9       14%         4
j - Sticky Flame          Conj/Fire      22%        2d4       14%         4
k - Fireball              Conj/Fire      11%        3d7       36%         5

Your spell library contained the following spells:

 Spells                   Type           Power      Damage    Failure   Level
 Freeze                   Ice            100%       1d10      1%          1
 Magic Dart               Conj           100%       1d8       1%          1
 Shock                    Conj/Air       100%       1d9       1%          1
 Lesser Beckoning         Tloc           68%        N/A       1%          2
 Static Discharge         Conj/Air       70%        2-5/arc   1%          2
 Poisonous Vapours        Pois/Air       44%        N/A       2%          2
 Ensorcelled Hibernation  Hex/Ice        38%        N/A       3%          2
 Cigotuvi's Dreadful Rot  Necr/Pois/Air  34%        N/A       4%          2
 Beastly Appendage        Tmut           18%        N/A       10%         1
 Sublimation of Blood     Necr           9%         N/A       14%         2
 Wereblood                Tmut           9%         N/A       14%         2
 Frozen Ramparts          Ice            58%        1d9       1%          3
 Gell's Gravitas          Tloc           34%        N/A       1%          3
 Hailstorm                Conj/Ice       32%        3d8       1%          3
 Teleport Other           Tloc           34%        N/A       1%          3
 Portal Projectile        Hex/Tloc       42%        N/A       4%          3
 Iskenderun's Battlesphe  Conj           35%        2d9       6%          5
 Call Canine Familiar     Summ           9%         N/A       28%         3
 Ignite Poison            Fire/Tmut/Pois 9%         N/A       28%         3
 Inner Flame              Hex/Fire       9%         N/A       28%         3
 Conjure Ball Lightning   Conj/Air       17%        3x3d6     32%         6
 Dispersal                Tloc           17%        N/A       34%         6
 Leda's Liquefaction      Hex/Erth       4%         N/A       67%         4
 Orb of Destruction       Conj           17%        9d7       87%         7
 Iron Shot                Conj/Erth      11%        9d3       91%         6
 Alistair's Intoxication  Tmut/Pois      6%         N/A       95%         5
 Borgnjor's Vile Clutch   Necr/Erth      4%         N/A       95%         5
 Lee's Rapid Deconstruct  Erth           4%         3d5*      95%         5
 Yara's Violent Unravell  Hex/Tmut       4%         3d4       95%         5
 Eringya's Noxious Bog    Tmut/Pois      4%         N/A       100%        6
 Statue Form              Tmut/Erth      6%         N/A       100%        6
 Spellforged Servitor     Conj/Summ      11%        N/A       100%        7
 Summon Hydra             Summ           4%         N/A       100%        7
 Ignition                 Fire           4%         3d4       100%        8
 Fire Storm               Conj/Fire      11%        8d3       100%        9
 Polar Vortex             Ice            14%        N/A       100%        9


Dungeon Overview and Level Annotations

Branches:
Dungeon (15/15)            Temple (1/1) D:7            Lair (5/5) D:9
 Shoals (4/4) Lair:2       Spider (1/4) Lair:3        Slime (0/5) Lair:5
    Orc (2/2) D:9             Elf (3/3) Orc:2        Vaults (0/5) D:13
 Depths (0/4) D:15         Bailey (visited)           IceCv (visited)
Volcano (visited)

Altars:
Ashenzari
Cheibriados
Dithmenos
Elyvilon
Fedhas
Gozag
Hepliaklqana
Kikubaaqudgha
Makhleb
Nemelex Xobeh
Okawaru
Qazlal
Ru
Sif Muna
Trog
Uskayaw
Vehumet
Wu Jian
Xom
Yredelemnul
Zin
The Shining One
Jiyva
Lugonu

Shops:
D:4 *   D:6 [   D:8 (*   Orc:1 [   Orc:2 =[**::   Shoals:3 =

Portals:
Abyss: D:14

Annotations:
D:4 Grinder
D:11 2 runed translucent doors, NokRude's ghost, journeyman DsMo
D:12 3 runed translucent doors, Naggiasi's ghost, journeyman KoBr
D:13 Rupert
Shoals:2 2 transporters, SlaveLabor's ghost, journeyman SpEn
Shoals:4 Nikola
Spider:1 Asterion


Innate Abilities, Weirdness & Mutations

You have a beak for a mouth.
You have claws for feet.
Your magical nature lets you fly swiftly and evasively.
Your magical capacity is low. (-10% MP)


Message History

The deep elf archer shoots a bolt.
The bolt hits you! The bolt burns you. The deep elf annihilator misses you.
You slash the deep elf annihilator!
Your kick misses the deep elf annihilator.
Your peck misses the deep elf annihilator.
The deep elf annihilator is almost dead.
The deep elf archer shoots a bolt.
The bolt hits you!!
* * * LOW HITPOINT WARNING * * *
A river rat scurries out from under your cloak.
The bolt burns you!
* * * LOW HITPOINT WARNING * * *
The deep elf annihilator mumbles some strange words.
The deep elf annihilator blinks!
You feel much better.
The deep elf pyromancer casts a spell.
The deep elf pyromancer blinks!
The deep elf archer shoots a bolt.
The bolt closely misses you.
The deep elf annihilator casts a spell at you.
The bolt of lightning misses you. x2
Your river rat closely misses the deep elf pyromancer.
You hear a shout! x2
You slash the deep elf annihilator!
You kill the deep elf annihilator!
You chop the deep elf pyromancer into pieces!!!
You kill the deep elf pyromancer!
The deep elf master archer wields a +1 longbow of freezing.
It is covered in frost.
The deep elf master archer shoots an arrow.
The arrow hits you!
* * * LOW HITPOINT WARNING * * *
The arrow freezes you.
* * * LOW HITPOINT WARNING * * *
Your river rat closely misses the deep elf archer.
Blink to where?
Press: ? - help, Dir - move target
As you read the scroll of blinking, it crumbles to dust.
The deep elf archer shoots a bolt.
The bolt hits you!!
* * * LOW HITPOINT WARNING * * *
The bolt burns you!
You die...

.# ..# .... .....
### ..#..# ##.##
#...[###..)##
##.....#).)).#####
#.....ee.)[e[.)@.##
###
##.....#ยง.r.)##...#
###..#
#....###.)[###...#
###....# ..#ee#
##.## ##).#
###......# ....e ###
#.#####........#
....
#....|...).....# .E#
###[.).........# .#
###.....)....#
###[...|...#


You could see a deep elf archer (repels missiles, ally target) and a friendly
river rat.

Vanquished Creatures
  A dread lich (Abyss:3)
  A bone dragon (Abyss:3)
  3 deep elf blademasters
  Frances (Elf:1)
  Gastronok (D:8)
  4 tentacled starspawn
  Roxanne (Elf:1)
  A frost giant (IceCv)
  6 deep elf sorcerers
  A ghost moth (Lair:3)
  4 deep elf elementalists (Elf:3)
  An ophan (Abyss:4)
  6 deep elf annihilators (Elf:3)
  4 deep elf demonologists (Elf:3)
  A starcursed mass (Abyss:4)
  Snorg (Lair:5)
  An ettin (D:15)
  Josephine (D:12)
  7 deep elf death magi
  A blizzard demon (Abyss:2)
  An entropy weaver (Lair:3)
  8 hydras
  2 great orbs of eyes
  2 peacekeepers (Elf:1)
  7 vault guards
  2 rakshasas
  A merfolk avatar (Shoals:3)
  3 deep elf high priests (Elf:3)
  2 ogre magi (D:15)
  The ghost of HoaS the Black Belt, a journeyman DgGl (Lair:2)
  2 catoblepae
  A spriggan skeleton (Abyss:4)
  A death knight (D:14)
  10 centaur warriors
  11 death yaks
  A satyr (Shoals:3)
  3 tengu warriors
  8 boulder beetles
  A deep troll shaman (Lair:5)
  2 merfolk aquamancers
  An alligator (Lair:5)
  10 two-headed ogres (D:15)
  42 dancing weapons
  6 orc high priests
  6 thrashing horrors (Abyss:4)
  A sun moth (Shoals:2)
  7 sun demons
  A fire crab (shapeshifter) (D:15)
  3 wretched stars
  18 deep elf knights
  5 skeletal warriors
  A sixfirhy (Abyss:4)
  4 sea snakes
  An orb spider (Abyss:4)
  2 deep trolls (D:15)
  2 glowing orange brains (Abyss:4)
  A wizard (D:15)
  A necromancer (D:14)
  6 orc knights
  20 deep elf archers
  A steelbarb worm (Lair:3)
  8 ugly things
  14 harpies
  44 deep elf pyromancers
  25 deep elf zephyrmancers
  4 wolf spiders
  7 cyclopes
  14 fauns
  12 orc sorcerers
  18 manticores
  2 worldbinders
  6 merfolk sirens
  5 black mambas
  20 elephants (Lair:5)
  An apocalypse crab (Abyss:4)
  2 torpor snails (Lair:5)
  3 water nymphs
  An ice statue (IceCv)
  2 gargoyles
  13 cane toads
  2 unseen horrors
  4 smoke demons
  6 rime drakes
  A yaktaur (shapeshifter) (D:14)
  A freezing wraith (D:14)
  6 komodo dragons
  3 tengu conjurers
  3 efreet
  An ancient zyme (Abyss:4)
  9 polar bears
  A meliai (D:14)
  3 hellwings (Abyss:4)
  9 merfolk
  13 large abominations
  6 trolls
  5 tarantellas (Lair:3)
  8 snapping turtles
  An ettin zombie (Abyss:2)
  A hornet (Lair:5)
  A raiju (Abyss:2)
  11 dream sheep
  8 blink frogs
  2 jumping spiders
  A culicivora (Spider:1)
  8 slime creatures
  Sigmund (D:3)
  A shadow (D:11)
  3 air elementals
  54 yaks
  3 ynoxinuls
  12 water elementals
  5 wyverns
  A yak (shapeshifter) (D:15)
  8 wraiths
  6 small abominations
  Eustachio (D:6)
  8 basilisks
  3 steam dragons
  3 neqoxecs (Abyss:3)
  3 redbacks
  Grum (D:9)
  10 fire elementals
  5 vampire mosquitoes
  Menkaure (D:7)
  3 chaos spawn
  6 wargs
  5 acid dragons
  12 water moccasins
  5 hell hounds (Abyss:2)
  5 black bears
  An ice beast (D:5)
  26 orc warriors
  11 ogres
  22 wolves
  8 centaurs
  2 phantoms
  2 kobold brigands
  Blork the orc (D:4)
  9 bullfrogs
  A gnoll sergeant (D:7)
  8 earth elementals
  7 scorpions
  5 wights
  16 killer bees
  A vampire bat (D:3)
  4 electric eels
  8 howler monkeys
  A lava snake (Lair:2)
  2 quasits
  4 jellies (D:5)
  7 hounds
  19 orc priests
  A gnoll bouda (D:9)
  4 iguanas
  Natasha (D:4)
  20 orc wizards
  3 hell rats (Lair:5)
  5 adders
  10 gnolls
  A river rat (D:5)
  3 shadow imps
  A white imp (Abyss:4)
  6 ufetubi
  A worm (D:2)
  2 dart slugs
  3 fire bats
  65 orcs
  2 spectral bats (D:3)
  3 bat skeletons (D:3)
  A bat zombie (D:3)
  9 endoplasms
  3 giant cockroaches (D:5)
  2 goblins
  8 hobgoblins
  7 jackals
  19 kobolds
  4 quokkas
  4 ball pythons
  15 bats
  A bat simulacrum (D:3)
  A frilled lizard (D:3)
  7 rats
  A lurking horror (D:14)
  A starspawn tentacle (Abyss:2)
1114 creatures vanquished.

Vanquished Creatures (collateral kills)
  A vault guard (D:15)
  A two-headed ogre (D:13)
  A centaur warrior (D:13)
  An ugly thing (D:11)
  An elephant (Lair:5)
  A water nymph (Shoals:3)
  A warg (D:9)
  An ogre (D:6)
  3 wights (D:8)
  An orc priest (D:9)
  2 orc wizards
  2 orcs
16 creatures vanquished.

Vanquished Creatures (others)
  A deep elf sorcerer (Elf:2)
  A deep elf demonologist (Elf:3)
  A large abomination (Abyss:3)
  A deep elf knight (Elf:2)
  A deep elf pyromancer (Elf:3)
  A deep elf zephyrmancer (Elf:3)
  2 harpies
  An air elemental (Elf:1)
  13 fungi
  A lurking horror (D:14)
  31 plants
  6 starspawn tentacles
60 creatures vanquished.

Grand Total: 1190 creatures vanquished

Notes
Turn   | Place    | Note
-------+----------+-------------------------------------------
     0 | D:1      | Leeroy the Tengu Warper began the quest for the Orb.
     0 | D:1      | Reached XP level 1. HP: 12/12 MP: 4/4
    97 | D:1      | Reached XP level 2. HP: 17/17 MP: 6/6
   110 | D:1      | Reached skill level 3 in Long Blades
  1107 | D:2      | Reached XP level 3. HP: 19/21 MP: 7/7
  1126 | D:2      | You fall into a shaft and drop 2 floors!
  1253 | D:3      | Noticed an angel
  1254 | D:3      | Found a glowing silver altar of Zin.
  1756 | D:3      | Reached XP level 4. HP: 26/26 MP: 8/8
  1785 | D:3      | Noticed Sigmund
  1898 | D:2      | Gained mutation: Your magical nature lets you fly swiftly
                  | and evasively. [Tengu growth]
  1898 | D:2      | Reached XP level 5. HP: 30/30 MP: 9/9
  2011 | D:2      | Found a white marble altar of Elyvilon.
  2088 | D:2      | Reached skill level 5 in Dodging
  2507 | D:4      | Learned a level 2 spell: Blink
  2511 | D:4      | Learned a level 3 spell: Vhi's Electric Charge
  2651 | D:4      | Found Ishero's General Store.
  2768 | D:4      | Found a sacrificial altar of Ru.
  2781 | D:4      | Noticed Blork the orc
  2788 | D:4      | Killed Blork the orc
  2789 | D:4      | Reached XP level 6. HP: 18/35 MP: 10/10
  2877 | D:4      | Found a bloodstained altar of Trog.
  2880 | D:4      | Found the +2 ratskin cloak {*Rats rPois rN+ Str-1 Int-1
                  | Dex+1}
  2916 | D:4      | Noticed Grinder
  3149 | D:3      | Killed Sigmund
  3150 | D:3      | Reached XP level 7. HP: 36/40 MP: 11/11
  3450 | D:4      | Noticed Natasha
  3455 | D:4      | Killed Natasha
  3583 | D:5      | Entered Level 5 of the Dungeon
  3722 | D:5      | Reached XP level 8. HP: 25/44 MP: 12/12
  3824 | D:5      | Noticed a wyvern
  3837 | D:5      | Killed a wyvern
  3838 | D:5      | Reached skill level 10 in Dodging
  4063 | D:5      | Identified a scroll of acquirement
  4063 | D:5      | Acquired a +1 falchion of draining
  4127 | D:5      | Found an opulent altar of Gozag.
  4471 | D:5      | Reached XP level 9. HP: 44/48 MP: 13/13
  4932 | D:6      | Identified the +2 falchion "Inuin" {freeze, rC+}
  5021 | D:6      | Found Uduk's Antique Armour Emporium.
  5066 | D:6      | Noticed Eustachio
  5076 | D:6      | Killed Eustachio
  5445 | D:7      | Found a flagged portal.
  5476 | Bailey   | Entered a bailey
  5551 | Bailey   | Noticed an orc knight
  5683 | Bailey   | Identified the +1 plate armour of Resilience {rElec}
  5713 | Bailey   | Killed an orc knight
  5714 | Bailey   | Reached XP level 10. HP: 19/53 MP: 11/14
  6066 | D:7      | Reached skill level 15 in Dodging
  6333 | D:7      | Reached skill level 4 in Long Blades
  6335 | D:7      | Noticed Menkaure
  6342 | D:7      | Killed Menkaure
  6532 | D:7      | Found a shadowy altar of Dithmenos.
  6597 | D:7      | Found a staircase to the Ecumenical Temple.
  6759 | D:7      | Found a snail-covered altar of Cheibriados.
  6942 | Temple   | Entered the Ecumenical Temple
  6949 | Temple   | Became a worshipper of Uskayaw the Reveller
  6976 | D:8      | Found an iron altar of Okawaru.
  6990 | D:7      | Reached * piety under Uskayaw
  6995 | D:7      | Reached ** piety under Uskayaw
  6997 | D:7      | Reached skill level 5 in Long Blades
  7005 | D:7      | Reached *** piety under Uskayaw
  7008 | D:7      | Reached **** piety under Uskayaw
  7012 | D:7      | Reached ***** piety under Uskayaw
  7014 | D:7      | Reached skill level 6 in Long Blades
  7435 | D:8      | Found Deocuf's Desiderata Depot.
  7444 | D:8      | Bought a +0 double sword for 180 gold pieces
  7603 | D:8      | Noticed Gastronok
  7612 | D:8      | Reached skill level 7 in Long Blades
  7612 | D:8      | Killed Gastronok
  7613 | D:8      | Reached skill level 8 in Long Blades
  7616 | D:8      | Reached skill level 9 in Long Blades
  8010 | D:9      | Noticed Grum
  8011 | D:9      | Reached XP level 11. HP: 54/57 MP: 15/15
  8021 | D:9      | Killed Grum
  8097 | D:9      | Reached skill level 10 in Long Blades
  8097 | D:9      | Found a basalt altar of Yredelemnul.
  8400 | D:9      | Found a staircase to the Lair.
  9372 | D:9      | Reached skill level 11 in Long Blades
  9606 | D:9      | Found a staircase to the Orcish Mines.
  9728 | D:8      | Found Kotuican's Weapon Emporium.
 10068 | D:10     | Entered Level 10 of the Dungeon
 10107 | D:10     | Reached skill level 12 in Long Blades
 10170 | D:10     | Noticed a deep elf pyromancer
 10181 | D:10     | Killed a deep elf pyromancer
 10191 | D:10     | Identified the +1 leather armour "Uwaaschy" {rPois Int+2
                  | Dex+8}
 10294 | D:10     | Found a blossoming altar of Fedhas.
 10300 | D:10     | Found a stormy altar of Qazlal.
 10730 | D:11     | Noticed a boulder beetle
 10821 | D:11     | Found a runed translucent door.
 10822 | D:11     | Noticed a fire giant
 10822 | D:11     | Noticed a skeletal warrior
 10822 | D:11     | Noticed a skeletal warrior
 10823 | D:11     | Noticed a fire giant
 10825 | D:11     | Found a runed translucent door.
 10828 | D:11     | Noticed a necromancer
 11136 | D:11     | Reached skill level 13 in Long Blades
 11851 | D:12     | Noticed a boulder beetle
 11882 | D:12     | Noticed Josephine
 11892 | D:12     | Killed Josephine
 11912 | D:12     | Acquired a +0 triple sword of holy wrath
 11931 | D:12     | Reached skill level 14 in Long Blades
 11931 | D:12     | Reached XP level 12. HP: 62/62 MP: 16/16
 12457 | D:13     | Noticed a two-headed ogre
 12465 | D:13     | Killed a two-headed ogre
 12466 | D:13     | Reached skill level 15 in Long Blades
 12530 | D:13     | Noticed a vault guard
 12530 | D:13     | Noticed a vault guard
 12566 | D:13     | Killed a vault guard
 12668 | D:13     | Noticed a vault guard
 12676 | D:13     | Killed a vault guard
 12724 | D:13     | Noticed a vault guard
 12744 | D:13     | Killed a vault guard
 12745 | D:13     | Reached skill level 16 in Long Blades
 13003 | D:13     | Noticed Rupert
 13359 | D:13     | Noticed a vault guard
 13359 | D:13     | Noticed a centaur warrior
 13363 | D:13     | Killed a centaur warrior
 13372 | D:13     | Noticed a vault guard
 13379 | D:13     | Found a gate to the Vaults.
 13514 | D:13     | Noticed a vault guard
 13593 | D:12     | Killed a vault guard
 13594 | D:12     | Reached skill level 5 in Spellcasting
 13774 | D:11     | Noticed a lich
 13777 | D:11     | Identified the ring of Duef {*Corrode rPois rC++ Str+2
                  | Slay+3}
 13848 | D:11     | Noticed NokRude's ghost (journeyman DsMo)
 14160 | D:11     | Learned a level 3 spell: Kindle Blastsparks
 14165 | D:11     | Learned a level 4 spell: Manifold Assault
 14171 | D:11     | Learned a level 5 spell: Freezing Cloud
 14199 | D:11     | Reached skill level 1 in Air Magic
 14622 | Lair:1   | Entered Level 1 of the Lair of Beasts
 14626 | Lair:1   | Noticed a boulder beetle
 14693 | Orc:1    | Entered Level 1 of the Orcish Mines
 14695 | Orc:1    | Noticed an orc high priest
 14726 | Orc:1    | Killed an orc high priest
 14925 | Orc:1    | Found a dark tunnel.
 14946 | Volcano  | Entered a volcano
 15107 | Volcano  | Noticed a stone giant
 15157 | Volcano  | Reached XP level 13. HP: 50/69 MP: 22/22
 15702 | Orc:1    | Found Yluro's Antique Armour Shop.
 15710 | Orc:1    | Bought a pair of smoking gloves for 218 gold pieces
 15710 | Orc:1    | Identified the +1 pair of gloves of the Fiddle {Drain
                  | +Blink rCorr Stlth+} (You bought it in a shop on level 1 of
                  | the Orcish Mines)
 15857 | Orc:2    | Entered Level 2 of the Orcish Mines
 15860 | Orc:2    | Found Bitum's Book Shop.
 15867 | Orc:2    | Reached skill level 5 in Fighting
 15951 | Orc:2    | Reached ****** piety under Uskayaw
 16156 | Orc:2    | Found Ydadeck's Jewellery Emporium.
 16948 | Orc:2    | Found a staircase to the Elven Halls.
 16989 | Orc:2    | Found Botzaaliybb's Book Boutique.
 16994 | Orc:2    | Found Tiotej's Assorted Antiques.
 16999 | Orc:2    | Found Ducw's Assorted Antiques.
 17002 | Orc:2    | Found Kimodgha's Antique Armour Boutique.
 17063 | Orc:2    | Bought a smelly leather armour for 182 gold pieces
 17063 | Orc:2    | Identified the +1 leather armour of the Engineer {rC+} (You
                  | bought it in a shop on level 2 of the Orcish Mines)
 17086 | Orc:2    | Bought 2 potions of curing for 228 gold pieces
 17086 | Orc:2    | Bought a potion of curing for 114 gold pieces
 17086 | Orc:2    | Bought a potion of heal wounds for 190 gold pieces
 17086 | Orc:2    | Bought a scroll of teleportation for 114 gold pieces
 17088 | Orc:2    | Bought a book of Lightning for 456 gold pieces
 17094 | Orc:2    | Learned a level 5 spell: Lightning Bolt
 17257 | Elf:1    | Entered Level 1 of the Elven Halls
 17270 | Elf:1    | Paralysed by an air elemental for 1 turns
 17400 | Elf:1    | Paralysed by an air elemental for 1 turns
 17428 | Elf:1    | Reached skill level 10 in Fighting
 17456 | Elf:1    | Noticed Frances
 17471 | Elf:1    | Killed Frances
 17622 | Elf:1    | Reached XP level 14. HP: 61/90 MP: 21/23
 18288 | Elf:1    | Identified Roxanne's Precepts of Reconstruction
 18288 | Elf:1    | Noticed Roxanne
 19018 | Lair:1   | Reached skill level 5 in Air Magic
 19133 | Lair:1   | Found a broken altar of Ashenzari.
 19546 | Lair:2   | Found a staircase to the Shoals.
 20063 | Lair:2   | Found a runed translucent door.
 20064 | Lair:2   | Noticed HoaS's ghost (journeyman DgGl)
 20419 | Lair:3   | Found a hole to the Spider Nest.
 20552 | Lair:3   | Identified the +1 leather armour of the Growing Gods
                  | {Int+9}
 21024 | Lair:4   | Found a frozen archway.
 21033 | IceCv    | Entered an ice cave
 21209 | IceCv    | Reached skill level 5 in Translocations
 21504 | IceCv    | Got Ziuzixu's Precepts of the Chill
 21532 | IceCv    | Noticed a frost giant
 21594 | IceCv    | Killed a frost giant
 21595 | IceCv    | Reached XP level 15. HP: 98/98 MP: 17/24
 23041 | Lair:5   | Entered Level 5 of the Lair of Beasts
 23041 | Lair:5   | Noticed Snorg
 23048 | Lair:5   | Killed Snorg
 23646 | Lair:5   | Got the Volume of Igneous Portals
 23651 | Lair:5   | Learned a level 3 spell: Mephitic Cloud
 23657 | Lair:5   | Learned a level 5 spell: Arcjolt
 23693 | Lair:5   | Reached skill level 1 in Ice Magic
 23866 | Lair:5   | Found a viscous altar of Jiyva.
 23867 | Lair:5   | Found a staircase to the Slime Pits.
 24127 | Lair:5   | Reached skill level 5 in Ice Magic
 24376 | Lair:5   | Reached XP level 16. HP: 104/104 MP: 29/29
 24387 | Lair:5   | Reached skill level 1 in Conjurations
 24783 | Spider:1 | Entered Level 1 of the Spider Nest
 25468 | Lair:3   | Reached skill level 5 in Conjurations
 25766 | Spider:1 | Noticed Asterion
 25866 | Shoals:1 | Entered Level 1 of the Shoals
 27796 | Shoals:2 | Reached skill level 17 in Long Blades
 28267 | Shoals:2 | Found a transporter.
 28280 | Shoals:2 | Found a transporter.
 28281 | Shoals:2 | Noticed SlaveLabor's ghost (journeyman SpEn)
 28286 | Shoals:2 | Noticed a kraken
 28954 | Shoals:3 | Reached skill level 18 in Long Blades
 30009 | Shoals:3 | Found Uruonneo's Jewellery Emporium.
 30211 | Shoals:3 | Reached XP level 17. HP: 108/108 MP: 13/30
 30638 | Shoals:4 | Entered Level 4 of the Shoals
 30707 | Shoals:4 | Noticed Nikola
 30950 | Lair:2   | Killed HoaS's ghost
 31659 | D:12     | Found a runed translucent gate.
 31660 | D:12     | Found a runed translucent gate.
 31661 | D:12     | Found a runed translucent gate.
 31662 | D:12     | Noticed Naggiasi's ghost (journeyman KoBr)
 31672 | D:12     | Reached skill level 19 in Long Blades
 32246 | D:14     | Found a gate leading to a gauntlet.
 32417 | D:14     | Found a one-way gate to the infinite horrors of the Abyss.
 32417 | D:14     | Found a corrupted altar of Lugonu.
 32854 | D:14     | Identified the +4 short sword of Duty {freeze, *Noise Will+
                  | Dex+3 SInv}
 32925 | D:14     | Identified the +2 robe of Makhleb, Hungering {Will+ rCorr}
 32930 | D:14     | Reached skill level 20 in Long Blades
 33211 | D:14     | Identified the +0 leather armour of Xuisch {rC+ Dex+3}
 33646 | D:14     | Got the Anthology of Arson and Momentum
 34240 | D:15     | Entered Level 15 of the Dungeon
 34394 | D:15     | Reached skill level 21 in Long Blades
 34791 | D:15     | Found a staircase to the Depths.
 35006 | D:15     | Found a radiant altar of Vehumet.
 35504 | D:13     | Reached XP level 18. HP: 114/114 MP: 14/31
 36235 | Elf:1    | Reached skill level 22 in Long Blades
 36794 | Elf:1    | Identified the +4 whip of Mayhem {protect, *Noise rC+ Int+2
                  | Stlth+}
 37214 | Elf:1    | Killed Roxanne
 37534 | Elf:2    | Reached skill level 23 in Long Blades
 38502 | Elf:2    | Paralysed by an air elemental for 1 turns
 38713 | Elf:2    | Found a runed translucent gate.
 38715 | Elf:2    | Found a runed translucent gate.
 38715 | Elf:2    | Found a runed translucent gate.
 39288 | Elf:2    | Reached skill level 10 in Spellcasting
 39478 | Elf:2    | Noticed a deep elf blademaster
 40114 | Elf:2    | Reached XP level 19. HP: 119/119 MP: 21/34
 40637 | Elf:3    | Entered Level 3 of the Elven Halls
 41739 | Elf:3    | Identified the +6 morningstar of Xuhekleck {flame, Str+4}
 42367 | Elf:2    | Learned a level 4 spell: Fulminant Prism
 42372 | Elf:2    | Learned a level 4 spell: Sticky Flame
 42526 | Abyss:2  | Cast into level 2 of the Abyss (a deep elf demonologist)
 42688 | Abyss:2  | Found a corrupted altar of Lugonu.
 43093 | Abyss:2  | Found a corrupted altar of Lugonu.
 43168 | Abyss:2  | Found a corrupted altar of Lugonu.
 43188 | Abyss:3  | Noticed a dread lich
 43192 | Abyss:3  | Killed a dread lich
 43270 | Abyss:3  | Found a corrupted altar of Lugonu.
 43274 | Abyss:3  | Noticed a bone dragon
 43274 | Abyss:3  | Gained mutation: Your magical capacity is low. (-10% MP) [a
                  | neqoxec]
 43284 | Abyss:3  | Killed a bone dragon
 43292 | Elf:3    | Escaped the Abyss
 43456 | Elf:3    | Noticed a Hell Sentinel
 43472 | Elf:2    | Learned a level 5 spell: Fireball
 43617 | Elf:3    | Noticed a Hell Sentinel
 43625 | Abyss:3  | Cast into level 3 of the Abyss (a deep elf sorcerer)
 43637 | Abyss:4  | Found a corrupted altar of Lugonu.
 43797 | Abyss:4  | Reached XP level 20. HP: 64/124 MP: 3/34
 43879 | Elf:3    | Escaped the Abyss
 44395 | Elf:3    | HP: 1/124 [deep elf archer/bolt (18)]
 44395 | Elf:3    | Shot with a bolt by a deep elf archer

Illustrated notes

Levels and vault maps discovered:
D:1:      dpeg_arrival_lava_temple_mockup, layout_loops_ring, minmay_hedge_maze,
          minmay_indecisive_spiral
D:2:      layout_basic, basic_altar
D:3:      layout_rooms, zin_angel, nicolae_concentric_dashed_squares_wild,
          minmay_misc_feat_encased, hangedman_decor_growths, goddamned_bats,
          uniq_sigmund
D:4:      layout_basic, lemuel_round_altar, mainiacjoe_overflow_six_doors_small,
          nicolae_stop_n_shop_1, uniq_grinder, uniq_blork_the_orc, uniq_natasha
D:5:      cheibrodos_barr_body, layout_loops_ring, grunt_gozag_statues,
          portal_sewer_entry_b, hex_medium, grunt_decor_one_mirror,
          kennysheep_generic_room_5
D:6:      layout_gridville, serial_shops, nicolae_take_the_stairs,
          uniq_eustachio
D:7:      layout_loops_corners, cheibriados_altar_1,
          nicolae_dithmenos_the_darkroom, minmay_temple_entry_enclosed_plants,
          enter_bailey_2, uniq_menkaure
D:8:      layout_rooms, okawaru_gym_becter, serial_shops,
          nicolae_shop_statue_plus, nicolae_alphabet_shops, uniq_gastronok
D:9:      layout_roguey, yredelemnul_altar_generic, erik_lair_orcish_takeover,
          david_orc_4, uniq_grum
D:10:     layout_irregular_city, grunt_temple_overflow_forces_of_nature,
          serial_column_ruins, column_ruins_hut, column_ruins_hut_water,
          column_ruins_corridor_straight, column_ruins_open_small,
          column_ruins_columns_straight, column_ruins_open_small_water,
          column_ruins_grid_2, column_ruins_corridor_corner, column_ruins_grid_1
D:11:     layout_layer_cave, muffindrake_ghost_dual_entry
D:12:     layout_roguey, gammafunk_ghost_split, uniq_josephine
D:13:     layout_roguey, erik_vaults_2, uniq_rupert
D:14:     minmay_the_grid_octo_tiled_octocenter [minmay_the_grid_octo_77,
          minmay_the_grid_octo_clover, minmay_the_grid_octo_pinwheel,
          minmay_the_grid_octo_toaster, minmay_the_grid_octo_prize_star,
          minmay_the_grid_square_5x5_misaligned,
          minmay_the_grid_square_5x5_slash,
          minmay_the_grid_square_5x5_pentomino_r,
          minmay_the_grid_square_5x5_meh], layout_basic, gauntlet_entry_generic,
          amcnicky_altar_lugonu_corruption
D:15:     hangedman_depths_entry_civil_slaughter, layout_cave_pools,
          nicolae_vehumet_altar_sigil
Temple:   nicolae_temple_no_exploring_needed
Lair:1:   layout_loops_ring, basic_altar, grunt_megastairs_1
Lair:2:   layout_gridlike, elwin_shoals_entry_rocks, ebering_ghost_inner_flame
Lair:3:   layout_long_grid, dummy_spider_entry, chequers_serial_rivers_room_a,
          serial_bayou_lake_a
Lair:4:   statuecave_lemuel, layout_regular_city,
          portal_ice_cave_entry_pillars_2
Lair:5:   grunt_lair_end_beastmaster, layout_misc_corridors, slime_entry_1,
          nicolae_lair_lakeside_cave, uniq_snorg
Shoals:1: layout_shoals, nicolae_shoals_loop_pool
Shoals:2: layout_shoals, ebering_ghost_davey_jones,
          nicolae_shoals_bring_sunscreen
Shoals:3: layout_shoals, serial_shops, shop
Shoals:4: shoals_end_hangedman, layout_shoals, serial_shops,
          nicolae_shop_behind_doors, nicolae_shoals_wave_tunnel,
          uniq_polyphemus, uniq_nikola, uniq_donald, uniq_louise
Spider:1: nicolae_spider_hall_of_the_moth_king, hellmonk_narrow_tunnel,
          uniq_aizul, uniq_asterion
Orc:1:    layout_diamond_mine, nicolae_volcano_entry_s_turn, serial_shops,
          nicolae_shop_stone
Orc:2:    st_orc_elflike, layout_diamond_mine, serial_shops,
          nicolae_shop_window_shopping, minmay_shop_enchanted_jewellery
Elf:1:    eino_elf_arrival_shootout, layout_loops_ring,
          portal_desolation_entry_twin_temple, minivault_28,
          nicolae_elf_glassroom_feature, uniq_frances, uniq_roxanne
Elf:2:    nicolae_elf_blades_crystal_corner, layout_geoelf_octagon,
          evilmike_ambush [evilmike_ambush_outer_pillars,
          evilmike_ambush_inner_basic]
Elf:3:    grunt_elf_hall_diamonds, layout_geoelf_octagon

Skill      XL: |  1  2  3  4  5  6  7  8  9 10 11 12 13 14 15 16 17 18 19 20 |
---------------+-------------------------------------------------------------+-----
Long Blades    | 3 9 14 16 18 21 23 | 23.2
Dodging        | 3 4 6 8 9 11 14 15 17 18 | 18.6
Spellcasting   | 5 8 10 13 | 13.1
Air Magic      | 3 9 |  9.2
Fighting       | 3 11 13 | 13.0
Translocations | 5 8 9 |  9.0
Ice Magic      | 7 |  7.0
Conjurations   | 9 |  9.3
Throwing       | |  1.0
Armour         | |  1.1
Evocations     | |  0.6

Action                   |  1- 3 |  4- 6 |  7- 9 | 10-12 | 13-15 | 16-18 | 19-21 || total
-------------------------+-------+-------+-------+-------+-------+-------+-------++-------
Melee: Falchion          |    15 |       |     7 |   116 |       |       |       ||   138
       Kick              |    33 |    33 |   110 |   173 |   325 |   226 |   109 ||  1009
       Peck              |    14 |    16 |    76 |   119 |   212 |   136 |    76 ||   649
       Dagger            |    99 |   111 |   278 |       |       |       |       ||   488
       Punch             |       |     3 |     5 |     4 |    12 |       |       ||    24
       Double sword      |       |       |       |   389 |   353 |       |       ||   742
       Triple sword      |       |       |       |     7 |       |   886 |   433 ||  1326
       Scimitar          |       |       |       |       |   454 |   117 |       ||   571
Throw: Dart              |       |     2 |     2 |       |     1 |       |     1 ||     6
       Boomerang         |       |       |       |       |     2 |       |       ||     2
 Cast: Blink             |       |       |     1 |     2 |       |     5 |       ||     8
       Vhi's Electric Ch |       |       |     1 |     1 |    38 |    32 |    66 ||   138
       Kindle Blastspark |       |       |       |     3 |    10 |     2 |       ||    15
       Manifold Assault  |       |       |       |       |     4 |   316 |    85 ||   405
       Mephitic Cloud    |       |       |       |       |       |     2 |       ||     2
Evoke: Wand              |       |       |     3 |     5 |     2 |     9 |       ||    19
       Phantom mirror    |       |       |     1 |     1 |       |       |       ||     2
       Phial of floods   |       |       |       |     1 |       |       |       ||     1
  Use: Scroll            |       |       |    17 |     9 |    12 |    12 |     2 ||    52
       Potion            |       |       |     1 |     1 |     9 |     4 |     2 ||    17
 Stab: Sleeping          |     1 |     1 |     1 |     1 |    10 |     2 |       ||    16
       Distracted        |       |       |     1 |     4 |     2 |     2 |     1 ||    10
       Paralysed         |       |       |       |    27 |    72 |    27 |    23 ||   149
       Confused          |       |       |       |       |       |     3 |       ||     3
Armor: Leather armour    |    13 |    22 |    15 |    44 |    77 |    69 |    25 ||   265
Dodge: Dodged            |    76 |   170 |   162 |   536 |   700 |   724 |   249 ||  2617
Block: Buckler           |       |       |       |    33 |       |       |       ||    33

Table legend: (Time is in decaauts)
 A = Elapsed time spent in this place.
 B = Non-inter-level travel time spent in this place.
 C = Inter-level travel time spent in this place.
 D = Time resting spent in this place.
 E = Time spent auto-exploring this place.
 F = Levels seen in this place.
 G = Mean time per level.
                   A        B        C        D        E       F      G
               +--------+--------+--------+--------+--------+-----+--------+
         Total |  41670 |  39814 |   1856 |   9039 |  22840 |  38 | 1096.6 |
       Dungeon |  17808 |  16765 |   1043 |   2877 |  10286 |  15 | 1187.2 |
        Temple |     13 |     13 |      0 |      0 |      0 |   1 |   13.0 |
          Lair |   5771 |   5337 |    434 |    838 |   3389 |   5 | 1154.2 |
        Shoals |   4744 |   4635 |    109 |   1136 |   2920 |   4 | 1186.0 |
   Spider Nest |     29 |     29 |      0 |      0 |      0 |   1 |   29.0 |
  Orcish Mines |   2668 |   2479 |    189 |    728 |   1250 |   2 | 1334.0 |
   Elven Halls |   7750 |   7671 |     79 |   3139 |   3276 |   3 | 2583.3 |
         Abyss |    960 |    960 |      0 |      2 |    645 |   4 |  240.0 |
        Bailey |    480 |    480 |      0 |    118 |    214 |   1 |  480.0 |
      Ice Cave |   1036 |   1036 |      0 |     34 |    749 |   1 | 1036.0 |
       Volcano |    406 |    406 |      0 |    164 |    106 |   1 |  406.0 |
               +--------+--------+--------+--------+--------+-----+--------+

Top non-repeatable levels by time:
   Elf:2: 4243 daAuts
   Elf:1: 2105 daAuts
     D:9: 2001 daAuts
    D:14: 1891 daAuts
    D:11: 1815 daAuts
   Orc:2: 1796 daAuts
Shoals:2: 1762 daAuts
Shoals:3: 1748 daAuts
  Lair:3: 1658 daAuts
    D:13: 1532 daAuts
  Lair:5: 1512 daAuts
     D:7: 1460 daAuts
   Elf:3: 1400 daAuts
    D:10: 1311 daAuts
    D:12: 1224 daAuts
